 Dungeon Crawl Stone Soup version 0.28-a0-1447-ga5a8893891 (webtiles) character file.

Game seed: 7516708405515093263

646137 browni3141 the Human Barricade (level 27, -40/236 HPs)
             Began as a Human Fighter on Jan 12, 2022.
             Was an Elder of Okawaru.
             Killed from afar by Cerebov (64 damage)
             ... with a great blast of fire
             ... in Pandemonium.
             The game lasted 03:36:33 (79555 turns).

browni3141 the Human Barricade (Human Fighter)     Turns: 79555, Time: 03:36:34

Health: -40/236    AC: 48    Str: 30    XL:     27
Magic:  41/43      EV: 18    Int:  8    God:    Okawaru [****..]
Gold:   8312       SH: 42    Dex: 32    Spells: 25/26 levels left

rFire   . . .      SeeInvis +   d - +9 eveningstar (freeze)
rCold   + . .      Faith    .   u - +7 tower shield of a volcano {rCorr Dex+4 Slay+3 Stlth-}
rNeg    + + .      Spirit   .   r - +3 crystal plate armour "Vynuanig" {rN+ Will+ Dex+3}
rPois   .          Reflect  +   R - +2 helmet of Noon {MP+9 Dex+4 Stlth+}
rElec   +          Harm     .   P - +2 cloak of the Thief {*Fog Slay-2 SInv Stlth+}
rCorr   +          Rampage  .   N - +0 pair of gloves "Vogenas" {Int+4 Dex+4}
Will    +++..      Rage     1%  X - +2 pair of boots of Bad Feelings {Regen+}
Stlth   +.........              i - amulet of reflection
HPRegen 1.29/turn               C - ring of Baok {rF+ rC+}
MPRegen 0.28/turn               D - ring of False Hope {*Corrode rElec rN+ Dex+5}

@: mighty, heroic, finesse-ful, fire vulnerable, studying Stealth
A: berserk 1, clumsy 1, dopey 2
}: 6/15 runes: barnacled, slimy, demonic, glowing, magical, gossamer
a: Renounce Religion, Heroism, Finesse


You were in Pandemonium.
You worshipped Okawaru.
Okawaru was greatly pleased with you.
You visited 10 branches of the dungeon, and saw 49 of its levels.
You visited Pandemonium 1 time, and saw 9 of its levels.
You also visited: Ice Cave.

You collected 9216 gold pieces.
You spent 904 gold pieces at shops.

Inventory:

Hand Weapons
 c - a +0 giant club
 d - a +9 eveningstar of freezing (weapon)
 g - a +0 giant club
 j - a +0 giant spiked club
 q - a +0 giant club
 w - a +0 giant spiked club
 J - a +0 giant club
 K - a +0 giant spiked club
 Y - a +0 giant spiked club
Missiles
 b - 17 silver javelins
 o - 8 boomerangs of dispersal
 F - 11 datura-tipped darts
 H - 15 curare-tipped darts
 V - 12 javelins (quivered)
Armour
 r - the +3 crystal plate armour "Vynuanig" (worn) {rN+ Will+ Dex+3}
   (Okawaru gifted it to you on level 4 of the Spider Nest)

   Dex:       It affects your dexterity (+3).
   rN:        It protects you from negative energy.
   Will:      It increases your willpower.
 u - the +7 tower shield of a volcano (worn) {rCorr Dex+4 Slay+3 Stlth-}
   (Okawaru gifted it to you on level 1 of the Elven Halls)

   Dex:       It affects your dexterity (+4).
   Slay:      It affects your accuracy & damage with ranged weapons and melee
   (+3).
   rCorr:     It protects you from acid and corrosion.
   Stlth:     It makes you less stealthy.
 N - the +0 pair of gloves "Vogenas" (worn) {Int+4 Dex+4}
   (Okawaru gifted it to you on level 3 of the Elven Halls)

   Int:       It affects your intelligence (+4).
   Dex:       It affects your dexterity (+4).
 P - the +2 cloak of the Thief (worn) {*Fog Slay-2 SInv Stlth+}
   (You found it on level 11 of the Dungeon)

   It may release a thick cloud of smoke when the wearer is hurt.
   Slay:      It affects your accuracy & damage with ranged weapons and melee
   (-2).
   SInv:      It lets you see invisible.
   Stlth:     It makes you more stealthy.
 R - the +2 helmet of Noon (worn) {MP+9 Dex+4 Stlth+}
   (You acquired it on level 1 of the Lair of Beasts)

   Dex:       It affects your dexterity (+4).
   MP:        It affects your magic capacity (+9).
   Stlth:     It makes you more stealthy.
 X - the +2 pair of boots of Bad Feelings (worn) {Regen+}
   (You found it in an ice cave)

   Regen:     It increases your rate of health regeneration.
Jewellery
 a - the ring of Ufuclovi {rPois rN+++ Str+6 Int-3 Slay-5}
   (You found it on level 15 of the Dungeon)

   [ring of strength]

   Str:       It affects your strength (+6).
   Int:       It affects your intelligence (-3).
   Slay:      It affects your accuracy & damage with ranged weapons and melee
   (-5).
   rPois:     It protects you from poison.
   rN:        It renders you almost immune to negative energy.
 i - an amulet of reflection (around neck)
 n - the ring of Icsysipn {Will+ Str+2}
   (You found it on level 15 of the Dungeon)

   [ring of willpower]

   Str:       It affects your strength (+2).
   Will:      It increases your willpower.
 C - the ring of Baok (left hand) {rF+ rC+}
   (You found it on level 1 of the Realm of Zot)

   [ring of protection from fire]

   rF:        It protects you from fire.
   rC:        It protects you from cold.
 D - the ring of False Hope (right hand) {*Corrode rElec rN+ Dex+5}
   (You found it in an ice cave)

   [ring of positive energy]

   Dex:       It affects your dexterity (+5).
   rElec:     It insulates you from electricity.
   rN:        It protects you from negative energy.
   *Corrode:  It may corrode you when you take damage.
 L - a ring of see invisible
 Z - the ring "Manuatix" {Contam Will+ Str+3 Int+6 SInv}
   (You found it on level 15 of the Dungeon)

   [ring of intelligence]

   Str:       It affects your strength (+3).
   Int:       It affects your intelligence (+6).
   SInv:      It lets you see invisible.
   Contam:    It causes magical contamination when unequipped.
   Will:      It increases your willpower.
Wands
 f - a wand of acid (6)
 l - a wand of mindburst (23)
 E - a wand of digging (15)
 O - a wand of polymorph (16)
 U - a wand of iceblast (35)
Scrolls
 e - 3 scrolls of silence
 h - 5 scrolls of fear
 m - 7 scrolls of immolation
 s - 18 scrolls of teleportation
 x - 8 scrolls of vulnerability
 z - 4 scrolls of noise
 I - 7 scrolls of magic mapping
 M - 11 scrolls of fog
 S - 5 scrolls of blinking
 T - 2 scrolls of torment
Potions
 k - 5 potions of cancellation
 t - 20 potions of curing
 v - 6 potions of might
 A - 5 potions of haste
 B - 2 potions of berserk rage
 G - 6 potions of lignification
 Q - 8 potions of flight
 W - 10 potions of mutation
Miscellaneous
 y - a condenser vane


   Skills:
 + Level 23.4(27) Fighting
 - Level 4.5(9.5) Long Blades
 - Level 16.0(21.0) Maces & Flails
 - Level 16.0(21.0) Throwing
 + Level 21.6(26.6) Armour
 - Level 6.0(11.0) Dodging
 - Level 10.0(15.0) Stealth
 O Level 27 Shields
 - Level 15.0 Invocations
 - Level 6.0 Evocations


You had 25 spell levels left.
You knew the following spells:

 Your Spells              Type           Power      Damage    Failure   Level
a - Apportation           Tloc           0%         N/A       93%         1

Your spell library contained the following spells:

 Spells                   Type           Power      Damage    Failure   Level
 Foxfire                  Conj/Fire      0%         2x1d4     93%         1
 Magic Dart               Conj           0%         1d3       93%         1
 Slow                     Hex            0%         N/A       93%         1
 Corpse Rot               Necr/Air       0%         N/A       98%         2
 Ensorcelled Hibernation  Hex/Ice        0%         N/A       98%         2
 Passwall                 Tmut/Erth      0%         N/A       98%         2
 Poisonous Vapours        Pois/Air       0%         N/A       98%         2
 Sublimation of Blood     Necr           0%         N/A       98%         2
 Confusing Touch          Hex            0%         N/A       100%        3
 Conjure Flame            Conj/Fire      0%         6-21      100%        3
 Dazzling Flash           Conj/Hex       0%         N/A       100%        3
 Gell's Gravitas          Tloc           0%         N/A       100%        3
 Ignite Poison            Fire/Tmut/Pois 0%         N/A       100%        3
 Inner Flame              Hex/Fire       0%         N/A       100%        3
 Lesser Beckoning         Tloc           0%         N/A       100%        3
 Mephitic Cloud           Conj/Pois/Air  0%         N/A       100%        3
 Ozocubu's Armour         Ice            0%         N/A       100%        3
 Swiftness                Air            0%         N/A       100%        3
 Teleport Other           Tloc           0%         N/A       100%        3
 Vampiric Draining        Necr           0%         2d6       100%        3
 Anguish                  Hex/Necr       0%         N/A       100%        4
 Flame Wave               Conj/Fire      0%         2d4       100%        4
 Hailstorm                Conj/Ice       0%         3d3       100%        4
 Ice Form                 Ice/Tmut       0%         N/A       100%        4
 Leda's Liquefaction      Hex/Erth       0%         N/A       100%        4
 Passage of Golubria      Tloc           0%         N/A       100%        4
 Petrify                  Tmut/Erth      0%         N/A       100%        4
 Sticky Flame             Conj/Fire      0%         2d3       100%        4
 Alistair's Intoxication  Tmut/Pois      0%         N/A       100%        5
 Borgnjor's Vile Clutch   Necr/Erth      0%         N/A       100%        5
 Fireball                 Conj/Fire      0%         3d3       100%        5
 Freezing Cloud           Conj/Ice/Air   0%         6-21      100%        5
 Irradiate                Conj/Tmut      0%         3d13      100%        5
 Iskenderun's Battlesphe  Conj           0%         2d6       100%        5
 Lee's Rapid Deconstruct  Erth           0%         3d5*      100%        5
 Lightning Bolt           Conj/Air       0%         1d11      100%        5
 Metabolic Englaciation   Hex/Ice        0%         N/A       100%        5
 Silence                  Hex/Air        0%         N/A       100%        5
 Yara's Violent Unravell  Hex/Tmut       0%         3d3       100%        5
 Conjure Ball Lightning   Conj/Air       0%         3x3d6     100%        6
 Dispersal                Tloc           0%         N/A       100%        6
 Eringya's Noxious Bog    Tmut/Pois      0%         N/A       100%        6
 Iron Shot                Conj/Erth      0%         9d1       100%        6
 Starburst                Conj/Fire      0%         6d3       100%        6
 Statue Form              Tmut/Erth      0%         N/A       100%        6
 Enfeeble                 Hex            0%         N/A       100%        7
 Orb of Destruction       Conj           0%         N/A       100%        7
 Ozocubu's Refrigeration  Ice            0%         4d5       100%        7
 Storm Form               Tmut/Air       0%         N/A       100%        7
 Discord                  Hex            0%         N/A       100%        8
 Disjunction              Tloc           0%         N/A       100%        8
 Ignition                 Fire           0%         3d3       100%        8
 Lehudib's Crystal Spear  Conj/Erth      0%         10d2      100%        8
 Maxwell's Capacitive Co  Air            0%         ∞         100%        8
 Animate Skeleton         Necr           Unusable   N/A       N/A         1
 Summon Small Mammal      Summ           Unusable   N/A       N/A         1
 Call Imp                 Summ           Unusable   N/A       N/A         2
 Summon Guardian Golem    Hex/Summ       Unusable   N/A       N/A         3
 Summon Lightning Spire   Summ/Air       Unusable   N/A       N/A         4
 Simulacrum               Ice/Necr       Unusable   N/A       N/A         6
 Spellforged Servitor     Conj/Summ      Unusable   N/A       N/A         7

Dungeon Overview and Level Annotations

Branches:
Dungeon (15/15)            Temple (1/1) D:4            Lair (6/6) D:8
 Shoals (4/4) Lair:2       Spider (4/4) Lair:3        Slime (5/5) Lair:5
    Orc (2/2) D:11            Elf (3/3) Orc:2        Vaults (0/5) D:14
 Depths (4/4) D:15            Zot (5/5) Depths:4      IceCv (visited)

Altars:
Ashenzari
Cheibriados
Dithmenos
Elyvilon
Fedhas
Gozag
Hepliaklqana
Kikubaaqudgha
Makhleb
Nemelex Xobeh
Okawaru
Qazlal
Ru
Sif Muna
Trog
Uskayaw
Vehumet
Wu Jian
Xom
Yredelemnul
Zin
The Shining One
Beogh
Jiyva
Lugonu

Shops:
D:15 (*(   Orc:2 :??[   Elf:1 :==   Elf:3 !   Depths:1 *

Portals:
Hell: Depths:1 Depths:2 Depths:3 Depths:4
Abyss: Depths:2 Depths:3
Pandemonium: Depths:2 Depths:4
Ziggurat: Depths:1
Trove: D:12 (give 19 potions of curing)

Annotations:
D:5 1 runed translucent door, Crazy Yiuf
Spider:1 exclusion: 2 downstairs
Zot:5 1 exclusion
Pan Cerebov


Innate Abilities, Weirdness & Mutations

You tend to lose your temper in combat.
You are clumsy. (Dex -2)
You are very dopey. (Int -4)


Message History

The sphere of damnation explodes!
The damnation engulfs you!
* * * LOW HITPOINT WARNING * * *
The damnation engulfs Cerebov.
Cerebov completely resists.
The damnation engulfs the hellion.
The hellion completely resists.
The damnation engulfs the hellion.
The hellion completely resists.
Cerebov shouts, "Leave whilst thou may!"
Unknown command.
Unknown command.
Unknown command.
You feel much better. You block Cerebov's attack. The balrug gestures at you.
The bolt of fire hits Cerebov.
Cerebov completely resists.
The bolt of fire hits you.
* * * LOW HITPOINT WARNING * * *
You block the hellion's attack. The hellion gestures at you.
The sphere of damnation explodes!
The damnation engulfs you!!
* * * LOW HITPOINT WARNING * * *
The damnation engulfs Cerebov.
Cerebov completely resists.
The damnation engulfs the hellion.
The hellion completely resists.
The damnation engulfs the hellion.
The hellion completely resists.
You block Cerebov's attack.
Unknown command.
Unknown command.
You feel much better. You block the hellion's attack. x2
You block Cerebov's attack.
Unknown command.
Press: ? - help, v - describe, . - travel, g - get item
Here: Cerebov, wielding the +6 sword of Cerebov {flame} (grey smoke, severely wounded, fast)
Items here: a +2 demon whip of venom; a +2 demon whip of electrocution.
The floor.
Blink to where?
Press: ? - help, Dir - move target
As you read the scroll of blinking, it crumbles to dust.
The hellion gestures at you.
The sphere of damnation explodes!
The damnation engulfs you!!!
* * * LOW HITPOINT WARNING * * *
Cerebov gestures at you.
A raging storm of fire appears!
The great blast of fire engulfs you!!!
You die...

#####################.# #
###################'### # #
......2§§§2§§.#.......#.#
##....§#####&2#.#.#.#.....
##'''# #§2#............ #...
#..#.#.............# ....
#..#................ .....
#..#.#.............# ....
#..@................ #...
####.#.............#
#................
#.#.(...........#
#................
#.#.#.#.....#.#.# #
#.......#)#...... #
#####'###)###'###
#####################.#.)...#
#


You could see Cerebov (fast) and 2 hellions.

Vanquished Creatures
  the Royal Jelly (Slime:5)
  Lom Lobon (Arena)
  Mnoleg (Pan)
  A dread lich (Zot:5)
  An orb of fire (Zot:5)
  An ancient lich (Depths:3)
  2 juggernauts
  2 pandemonium lords (Pan)
  Frederick (Depths:4)
  A Killer Klown (Zot:4)
  2 curse toes
  A caustic shrike (Depths:3)
  17 golden dragons
  Arachne (Spider:2)
  2 Tzitzimimeh (Pan)
  2 bone dragons (Zot:1)
  The ghost of finalsalamander the Severer, an adept NaWn of Gozag (Elf:3)
  3 Brimstone Fiends (Pan)
  2 electric golems (Zot:2)
  24 tentacled monstrosities
  Rupert (Orc:2)
  A walking crystal tome (Depths:3)
  Jorgrun (Elf:1)
  7 Orb Guardians (Zot:5)
  3 deep elf blademasters
  3 liches
  The ghost of Hygavy the Brawler, an adept TrMo of Trog (Shoals:1)
  A walking earthen tome (Depths:2)
  3 titans
  3 walking frostbound tomes (Depths:3)
  3 walking divine tomes
  2 deep elf master archers (Elf:3)
  4 quicksilver dragons
  2 krakens (Shoals:1)
  11 acid blobs
  6 sphinxes (Depths:3)
  2 Executioners (Pan)
  9 death cobs
  Frances (Spider:1)
  8 tengu reavers
  10 shadow dragons
  12 storm dragons
  A fenstrider witch (shapeshifter) (Depths:2)
  5 draconian monks
  8 frost giants
  9 rockslimes
  4 draconian knights
  7 azure jellies
  14 fire giants
  5 demonspawn warmongers (Pan)
  3 iron dragons
  A draconian scorcher (Zot:4)
  5 deep elf sorcerers
  Louise (Shoals:1)
  10 emperor scorpions
  10 balrugs (Pan)
  8 ghost moths
  8 cacodemons
  5 deep elf elementalists (Elf:3)
  6 draconian shifters
  A draconian stormcaller (Zot:1)
  3 broodmothers
  4 reapers (Pan)
  7 quicksilver oozes
  7 draconian annihilators
  A demonspawn blood saint (Pan)
  2 demonspawn corrupters (Pan)
  2 spriggan defenders (Depths:3)
  27 very ugly things
  3 lorocyprocas
  2 vampire knights
  18 stone giants
  11 green draconians
  5 black draconians
  Nessos (Lair:5)
  3 demonspawn black suns (Pan)
  A wendigo (Depths:1)
  8 yellow draconians
  7 entropy weavers
  9 spark wasps
  9 deep elf demonologists
  6 purple draconians
  3 dire elephants (Lair:6)
  3 deep elf annihilators (Elf:3)
  7 red draconians
  12 green deaths (Pan)
  5 white draconians
  3 merfolk javelineers
  9 deep elf death magi
  A deep elf high priest (Elf:3)
  9 merfolk impalers
  9 blizzard demons (Pan)
  11 ettins
  19 fire dragons
  A yaktaur captain (Depths:4)
  12 great orbs of eyes
  5 caustic shrike simulacra (IceCv)
  4 vault guards (D:15)
  2 jorogumos
  14 hydras
  18 ice dragons
  Erolcha (Orc:2)
  2 boulder beetles
  A hydra (shapeshifter) (Depths:3)
  8 rakshasas
  3 ogre magi (Orc:2)
  7 centaur warriors
  6 radroaches
  5 merfolk aquamancers
  3 two-headed ogres
  3 death knights (D:15)
  2 merfolk avatars (Shoals:2)
  7 spriggan air magi
  2 alligator snapping turtles (Shoals:1)
  Urug (Lair:2)
  2 catoblepae (D:15)
  33 dancing weapons
  9 deep troll shamans
  15 deep troll earth magi
  An alligator (Shoals:1)
  An orc high priest (Elf:1)
  3 tengu warriors
  5 death yaks (Lair:6)
  A spectral dire elephant (Lair:6)
  3 vampire magi
  3 spriggans (D:15)
  Nergalle (Orc:2)
  15 sun demons
  14 spriggan berserkers
  Sonja (Orc:2)
  14 soul eaters (Pan)
  14 deep elf knights
  11 hell knights
  A fire crab (Lair:6)
  2 swamp dragons
  A goliath frog (Shoals:1)
  10 sixfirhies (Pan)
  3 spectral death yaks (Lair:6)
  3 steelbarb worms
  13 iron trolls
  3 pharaoh ants
  10 skeletal warriors
  A spectral anaconda (Lair:6)
  14 sea snakes
  A kraken simulacrum (Shoals:4)
  6 flayed ghosts
  16 deep elf archers
  7 glowing orange brains
  5 bog bodies (IceCv)
  14 orb spiders
  22 deep trolls
  2 obsidian statues
  A harpy (shapeshifter) (D:15)
  9 necromancers
  32 harpies
  A phantasmal warrior (D:14)
  A shadow demon (Pan)
  3 spriggan simulacra
  11 wizards
  37 deep elf zephyrmancers
  23 wolf spiders
  6 orc sorcerers
  6 shining eyes
  28 ugly things
  41 deep elf pyromancers
  2 fauns (Shoals:1)
  20 manticores
  11 cyclopes
  A guardian serpent (shapeshifter) (D:15)
  5 elephants (Lair:6)
  7 black mambas
  11 merfolk sirens
  4 torpor snails
  16 moths of wrath
  A rust devil (Depths:2)
  6 water nymphs
  2 eyes of devastation (Slime:1)
  17 smoke demons (Pan)
  A storm dragon simulacrum (Depths:1)
  8 orange demons
  11 cane toads
  Maggie (D:7)
  2 gargoyles
  2 rime drakes
  A hellion (Pan)
  3 anaconda simulacra (IceCv)
  A rime drake (shapeshifter) (Depths:2)
  2 unseen horrors
  9 demonic crawlers
  2 efreet
  18 freezing wraiths
  An ice devil (Depths:4)
  9 komodo dragons
  9 tengu conjurers
  2 red devils (Pan)
  5 yaktaurs
  A golden dragon simulacrum (IceCv)
  12 hellwings
  A tormentor (Pan)
  10 wind drakes
  An entropy weaver simulacrum (IceCv)
  27 merfolk
  14 large abominations (Pan)
  19 meliai
  3 polar bears
  A tengu simulacrum (Depths:1)
  6 trolls
  Grinder (D:3)
  A wind drake (shapeshifter) (D:14)
  32 blink frogs
  7 hornets
  64 slime creatures
  33 tarantellas
  A spectral elephant (Lair:6)
  13 snapping turtles
  2 fire giant simulacra (Depths:1)
  5 dream sheep
  3 air elementals
  3 shadows
  38 jumping spiders
  2 centaur simulacra (D:15)
  28 culicivoras
  4 dire elephant simulacra (IceCv)
  5 fire elementals
  30 yaks
  7 ynoxinuls
  18 water elementals
  2 wraiths
  8 wyverns
  5 golden eyes (Slime:2)
  6 basilisks
  11 chaos spawn (Pan)
  A steam dragon (D:5)
  2 vampire mosquitoes
  3 minotaur simulacra (IceCv)
  59 redbacks
  7 neqoxecs (Pan)
  2 wargs (Orc:1)
  3 harpy simulacra (IceCv)
  2 acid dragons
  19 water moccasins
  5 floating eyes
  2 black bears
  2 alligator simulacra (IceCv)
  2 ice beasts (D:7)
  A necrophage (D:6)
  13 orc warriors
  2 sky beasts
  10 ogres
  24 wolves
  An ettin simulacrum (IceCv)
  6 boggarts
  4 centaurs
  A phantom (D:4)
  Blork the orc (D:6)
  2 kobold brigands
  9 bullfrogs
  4 scorpions
  A cane toad simulacrum (Lair:6)
  2 earth elementals
  A water moccasin zombie (D:6)
  2 hornet simulacra (D:15)
  2 water moccasin skeletons
  3 lindwurm simulacra (IceCv)
  2 elephant simulacra (Lair:6)
  4 killer bees (D:9)
  3 wights (D:8)
  4 electric eels
  3 howler monkeys
  3 crimson imps (Pan)
  2 centaur zombies
  2 hounds
  5 centaur skeletons
  12 orc priests
  Natasha (thrice) (D:2)
  4 iguanas
  35 orc wizards
  2 killer bee zombies
  A hound skeleton (D:4)
  A howler monkey zombie (D:11)
  3 gnolls (Orc:1)
  9 adders
  2 shadow imps
  A white imp (D:7)
  An adder skeleton (D:4)
  3 worms
  2 dart slugs
  73 orcs
  3 bats
  5 endoplasms
  6 giant cockroaches
  4 goblins
  6 hobgoblins
  2 jackals (D:4)
  15 kobolds
  5 quokkas
  9 ball pythons
  8 rats
  5 tentacles
2145 creatures vanquished.

Vanquished Creatures (others)
  A draconian knight (Zot:2)
  A slime creature (Slime:1)
  A green death (Pan)
  A vampire mage (Depths:4)
  A soul eater (Pan)
  A wizard (Pan)
  A deep elf zephyrmancer (Elf:2)
  A torpor snail (Spider:4)
  A demonic crawler (Spider:3)
  A hellwing (Pan)
  A water elemental (Elf:3)
  A boggart (D:15)
  An orc (Orc:2)
  18 ball lightnings
  37 fungi
  158 plants
  10 tentacles (Shoals:1)
  23 withered plants
259 creatures vanquished.

Grand Total: 2404 creatures vanquished

Notes
Turn   | Place    | Note
-------+----------+-------------------------------------------
     0 | D:1      | browni3141 the Human Fighter began the quest for the Orb.
     0 | D:1      | Reached XP level 1. HP: 18/18 MP: 1/1
   118 | D:1      | Reached skill level 1 in Stealth
   283 | D:1      | Reached XP level 2. HP: 24/24 MP: 2/2
   723 | D:1      | Reached XP level 3. HP: 26/29 MP: 3/3
  1026 | D:2      | Found a bloodstained altar of Trog.
  1226 | D:2      | Noticed Natasha
  1233 | D:2      | Killed Natasha
  1234 | D:2      | Reached skill level 4 in Shields
  1234 | D:2      | Reached XP level 4. HP: 25/35 MP: 4/4
  1277 | D:2      | Noticed Natasha
  1283 | D:2      | Killed Natasha
  1364 | D:2      | Found a faded altar of an unknown god.
  1451 | D:2      | Reached XP level 5. HP: 24/41 MP: 3/5
  1789 | D:2      | Noticed Natasha
  1800 | D:2      | Killed Natasha
  1968 | D:2      | Reached skill level 1 in Evocations
  2173 | D:3      | Noticed Grinder
  2477 | D:3      | Killed Grinder
  2478 | D:3      | Reached skill level 5 in Shields
  2478 | D:3      | Reached XP level 6. HP: 36/47 MP: 4/6
  2479 | D:3      | Reached XP level 7. HP: 41/52 MP: 4/7
  3252 | D:4      | Found a staircase to the Ecumenical Temple.
  3263 | Temple   | Entered the Ecumenical Temple
  3481 | Temple   | Became a worshipper of Warmaster Okawaru
  3751 | D:4      | Reached skill level 1 in Invocations
  4033 | D:4      | Reached skill level 1 in Throwing
  4081 | D:4      | Found a shimmering altar of Xom.
  4081 | D:4      | Found a snail-covered altar of Cheibriados.
  4101 | D:4      | Found a shimmering blue altar of Sif Muna.
  4103 | D:4      | Found a white marble altar of Elyvilon.
  4105 | D:4      | Found a hazy altar of Hepliaklqana.
  4237 | D:4      | Reached XP level 8. HP: 53/58 MP: 10/10
  4412 | D:5      | Entered Level 5 of the Dungeon
  4635 | D:5      | Reached * piety under Okawaru
  4645 | D:5      | HP: 2/58 [steam dragon (2)]
  5161 | D:5      | Reached skill level 6 in Shields
  5359 | D:5      | Reached ** piety under Okawaru
  5360 | D:5      | Reached XP level 9. HP: 47/63 MP: 7/12
  5585 | D:5      | Found a runed translucent door.
  5586 | D:5      | Noticed Crazy Yiuf
  5839 | D:6      | Reached skill level 7 in Shields
  6102 | D:6      | Noticed Blork the orc
  6114 | D:6      | Killed Blork the orc
  6152 | D:6      | Reached skill level 8 in Shields
  6161 | D:6      | Identified the +7 mace of the Wilderness {freeze, rF+
                  | rCorr}
  6250 | D:6      | Reached skill level 1 in Maces & Flails
  6871 | D:7      | Noticed Maggie
  6890 | D:7      | Found a basalt altar of Yredelemnul.
  7332 | D:6      | Reached skill level 5 in Maces & Flails
  7645 | D:7      | Found a shadowy altar of Dithmenos.
  7959 | D:7      | Reached XP level 10. HP: 62/70 MP: 11/13
  8144 | D:7      | Killed Maggie
  8144 | D:7      | Reached *** piety under Okawaru
  8409 | D:8      | Found a staircase to the Lair.
  8444 | D:8      | Reached skill level 5 in Invocations
  8933 | D:8      | Reached skill level 5 in Evocations
  9506 | D:8      | Reached **** piety under Okawaru
  9562 | D:8      | Noticed a two-headed ogre
  9570 | D:8      | Killed a two-headed ogre
  9733 | D:8      | Received a gift from Okawaru
  9738 | D:8      | Reached XP level 11. HP: 70/75 MP: 14/16
  9757 | D:8      | Found an ancient bone altar of Kikubaaqudgha.
 10310 | D:9      | Reached skill level 9 in Shields
 10447 | D:9      | Found a glowing silver altar of Zin.
 11332 | D:10     | Entered Level 10 of the Dungeon
 11650 | D:10     | Reached skill level 10 in Shields
 12853 | D:11     | Noticed a five-headed hydra
 12900 | D:11     | Found the +2 cloak of the Thief {*Fog Slay-2 SInv Stlth+}
 13154 | D:11     | Noticed a red ugly thing
 13176 | D:11     | Killed a red ugly thing
 13345 | D:11     | Found a staircase to the Orcish Mines.
 13411 | D:11     | Identified 2 scrolls of acquirement
 13645 | D:11     | Noticed a tengu reaver
 13645 | D:11     | Noticed a boulder beetle
 13646 | D:11     | Noticed a centaur warrior
 13649 | D:11     | Noticed a cyclops
 13650 | D:11     | Noticed a deep elf pyromancer
 13651 | D:11     | Noticed a white ugly thing
 13859 | D:11     | Killed a five-headed hydra
 14088 | Lair:1   | Entered Level 1 of the Lair of Beasts
 14647 | D:8      | Reached skill level 11 in Shields
 14651 | D:8      | Reached XP level 12. HP: 66/81 MP: 15/17
 15003 | D:8      | Reached ***** piety under Okawaru
 15447 | Lair:1   | Acquired the +2 helmet of Noon {MP+9 Dex+4 Stlth+}
 15454 | Lair:1   | Acquired 573 gold pieces
 16376 | Lair:2   | Reached skill level 5 in Fighting
 16567 | Lair:2   | Reached skill level 12 in Shields
 16621 | Lair:2   | Received a gift from Okawaru
 16807 | Lair:2   | Received a gift from Okawaru
 17267 | Lair:2   | Noticed Urug
 17278 | Lair:2   | Killed Urug
 17305 | Lair:2   | Identified the +1 plate armour of Instinct {rC+ Will+ SInv}
                  | (Okawaru gifted it to you on level 2 of the Lair of Beasts)
 17305 | Lair:2   | Received a gift from Okawaru
 17306 | Lair:2   | Reached XP level 13. HP: 79/101 MP: 17/18
 17810 | Lair:2   | Found a staircase to the Shoals.
 18353 | Lair:3   | Reached skill level 10 in Fighting
 18976 | Lair:3   | Acquired a manual of Shields
 19129 | Lair:3   | Found a hole to the Spider Nest.
 19153 | Lair:3   | Reached skill level 13 in Shields
 19396 | Lair:3   | Reached skill level 14 in Shields
 20483 | Lair:4   | Reached skill level 15 in Shields
 20791 | Lair:4   | Noticed a seven-headed hydra
 20795 | Lair:4   | Reached skill level 1 in Dodging
 21958 | Lair:5   | Found a staircase to the Slime Pits.
 21959 | Lair:5   | Found a viscous altar of Jiyva.
 22016 | Lair:5   | Noticed an ice dragon
 22024 | Lair:5   | Killed an ice dragon
 22024 | Lair:5   | Received a gift from Okawaru
 22026 | Lair:5   | Found the +3 sling "Punk" {acid, rCorr}
 22222 | Lair:5   | Noticed Nessos
 22233 | Lair:5   | Killed Nessos
 22380 | Lair:5   | Noticed an eight-headed hydra
 22391 | Lair:5   | Killed an eight-headed hydra
 22767 | Lair:6   | Entered Level 6 of the Lair of Beasts
 22768 | Lair:6   | Noticed Snorg
 22790 | Lair:5   | Reached XP level 14. HP: 77/111 MP: 20/20
 22917 | Lair:5   | Noticed Snorg
 22917 | Lair:5   | Snorg changed into Snorg the deep troll
 22924 | Lair:5   | Killed Snorg the deep troll
 22925 | Lair:5   | Reached skill level 10 in Maces & Flails
 23437 | Lair:6   | Reached skill level 5 in Armour
 23892 | Lair:6   | Noticed a dire elephant
 23892 | Lair:6   | Noticed a dire elephant
 23892 | Lair:6   | Noticed a dire elephant
 24768 | Lair:6   | Received a gift from Okawaru
 25312 | Lair:6   | Reached skill level 5 in Dodging
 25613 | Lair:6   | Killed a dire elephant
 25965 | Lair:6   | Killed a dire elephant
 26119 | Lair:6   | Killed a dire elephant
 26120 | Lair:6   | Reached XP level 15. HP: 62/122 MP: 17/22
 26341 | Lair:6   | Identified the ring "Manetanonn" {rElec rN++ Will- Int-3
                  | Dex+6}
 26569 | Orc:1    | Entered Level 1 of the Orcish Mines
 27327 | Orc:2    | Entered Level 2 of the Orcish Mines
 27385 | Orc:2    | Found a staircase to the Elven Halls.
 27388 | Orc:2    | Noticed Rupert
 27401 | Orc:2    | Killed Rupert
 27402 | Orc:2    | Reached skill level 10 in Invocations
 27583 | Orc:2    | Noticed Sonja
 27585 | Orc:2    | Killed Sonja
 27814 | Orc:2    | Found Fuamp's Book Boutique.
 27996 | Orc:2    | Found an ancient bone altar of Kikubaaqudgha.
 27996 | Orc:2    | Noticed Nergalle
 28013 | Orc:2    | Killed Nergalle
 28035 | Orc:2    | Found Jihyheeb's Magic Scroll Shop.
 28052 | Orc:2    | Paralysed by an ogre mage for 2 turns
 28103 | Orc:2    | Noticed Erolcha
 28116 | Orc:2    | Killed Erolcha
 28116 | Orc:2    | Identified the +0 chain mail "Aqi Usos" {Dex+2} (Okawaru
                  | gifted it to you on level 2 of the Orcish Mines)
 28116 | Orc:2    | Received a gift from Okawaru
 28129 | Orc:2    | Found a radiant altar of Vehumet.
 28218 | Orc:2    | Bought a scroll of identify for 28 gold pieces
 28218 | Orc:2    | Bought a scroll of identify for 28 gold pieces
 28248 | Orc:2    | Found Kallus's Antique Armour Boutique.
 28274 | Orc:2    | Found Naor's Magic Scroll Boutique.
 28311 | Orc:2    | Bought a scroll of identify for 26 gold pieces
 28311 | Orc:2    | Bought a scroll of identify for 26 gold pieces
 28311 | Orc:2    | Bought a scroll of identify for 26 gold pieces
 28314 | Orc:2    | Bought a scroll of blinking for 97 gold pieces
 29803 | D:12     | Found a portal to a secret trove of treasure.
 31857 | D:14     | Reached XP level 16. HP: 101/134 MP: 23/23
 32090 | D:14     | Received a gift from Okawaru
 32242 | D:14     | You fall into a shaft and drop 1 floor!
 32242 | D:15     | Entered Level 15 of the Dungeon
 32269 | D:14     | Identified the +3 plate armour "Tutuiretz" {Dex+4} (Okawaru
                  | gifted it to you on level 14 of the Dungeon)
 32269 | D:14     | Received a gift from Okawaru
 32533 | D:14     | Reached skill level 10 in Armour
 32935 | D:14     | Found a shadowy altar of Dithmenos.
 33176 | D:14     | Found a gate to the Vaults.
 33258 | D:15     | Identified the ring "Manuatix" {Contam Will+ Str+3 Int+6
                  | SInv}
 33284 | D:15     | Paralysed by a floating eye for 3 turns
 33392 | D:15     | Found Dizxeufi's Assorted Antiques.
 33411 | D:15     | Bought a scroll of enchant weapon for 217 gold pieces
 33823 | D:15     | Found Calag's Antique Weapon Emporium.
 34072 | D:15     | Identified the ring of Ufuclovi {rPois rN+++ Str+6 Int-3
                  | Slay-5}
 34388 | D:15     | Noticed a frost giant
 34404 | D:15     | Killed a frost giant
 34405 | D:15     | Reached skill level 16 in Shields
 34813 | D:15     | Found a staircase to the Depths.
 34903 | D:15     | Reached skill level 17 in Shields
 35067 | D:15     | Reached ****** piety under Okawaru
 35073 | D:15     | Identified the ring of Icsysipn {Will+ Str+2}
 35223 | D:15     | Found Deb Moi's Antique Weapon Emporium.
 35229 | D:15     | Received a gift from Okawaru
 35234 | D:15     | Identified the +1 dagger "Qouc" {drain, rC+ Int+5}
 35574 | D:15     | Found a transporter.
 35586 | D:15     | Received a gift from Okawaru
 35596 | D:15     | Reached XP level 17. HP: 105/140 MP: 24/24
 35816 | D:15     | Reached skill level 18 in Shields
 36159 | D:15     | Identified the +2 pair of boots of Sunlight {rN+ Dex+3}
                  | (Okawaru gifted it to you on level 15 of the Dungeon)
 36159 | D:15     | Received a gift from Okawaru
 36967 | D:15     | Found a transporter.
 37452 | Spider:1 | Entered Level 1 of the Spider Nest
 38701 | Spider:1 | Noticed Frances
 38811 | Spider:1 | Killed Frances
 38812 | Spider:1 | Reached skill level 19 in Shields
 39860 | Spider:1 | Received a gift from Okawaru
 40690 | Elf:1    | Entered Level 1 of the Elven Halls
 41040 | Elf:1    | Received a gift from Okawaru
 41044 | Elf:1    | Paralysed by an air elemental for 1 turns
 41047 | Elf:1    | Paralysed by an air elemental for 1 turns
 41051 | Elf:1    | Paralysed by an air elemental for 1 turns
 41961 | Elf:1    | Paralysed by an air elemental for 1 turns
 41972 | Elf:1    | Paralysed by an air elemental for 1 turns
 41976 | Elf:1    | Paralysed by an air elemental for 1 turns
 42482 | Elf:1    | Reached skill level 20 in Shields
 42483 | Elf:1    | Received a gift from Okawaru
 42671 | Elf:1    | Noticed Jorgrun
 42685 | Elf:1    | Killed Jorgrun
 42756 | Elf:1    | Identified the +7 tower shield of a volcano {rCorr Dex+4
                  | Slay+3 Stlth-} (Okawaru gifted it to you on level 1 of the
                  | Elven Halls)
 42756 | Elf:1    | Received a gift from Okawaru
 42757 | Elf:1    | Reached skill level 5 in Throwing
 43018 | Elf:1    | Reached skill level 15 in Fighting
 43243 | Elf:1    | Found Milekhlemarch's Jewellery Shop.
 43245 | Elf:1    | Found Fedann's Book Shoppe.
 43246 | Elf:1    | Found Udabylud's Jewellery Shop.
 43311 | Elf:1    | Reached XP level 18. HP: 149/149 MP: 25/25
 44407 | Elf:2    | Paralysed by an air elemental for 1 turns
 44699 | Elf:3    | Entered Level 3 of the Elven Halls
 45387 | Elf:3    | Found Midiec's Distillery.
 45410 | Elf:3    | Bought a potion of curing for 57 gold pieces
 45410 | Elf:3    | Bought a potion of might for 76 gold pieces
 45410 | Elf:3    | Bought a potion of curing for 57 gold pieces
 45410 | Elf:3    | Bought a potion of heal wounds for 95 gold pieces
 45410 | Elf:3    | Bought a potion of curing for 57 gold pieces
 45410 | Elf:3    | Bought a potion of curing for 57 gold pieces
 45410 | Elf:3    | Bought a potion of curing for 57 gold pieces
 45613 | Elf:3    | Noticed a deep elf master archer
 45659 | Elf:3    | Killed a deep elf master archer
 45659 | Elf:3    | Received a gift from Okawaru
 45787 | Elf:3    | Noticed a deep elf blademaster
 45808 | Elf:3    | Killed a deep elf blademaster
 45885 | Elf:3    | Identified the ring "Affaptat" {Fire Dex+3}
 46196 | Elf:2    | Found a runed translucent gate.
 46196 | Elf:2    | Found a runed translucent gate.
 46196 | Elf:2    | Found a runed translucent gate.
 46908 | Elf:3    | Noticed a Tzitzimitl
 47035 | Elf:3    | Found a runed translucent door.
 47044 | Elf:3    | Noticed finalsalamander's ghost (adept NaWn)
 47232 | Elf:3    | Received a gift from Okawaru
 47233 | Elf:3    | Reached XP level 19. HP: 150/157 MP: 26/26
 47386 | Elf:3    | Identified the ring "Biluwk" {rF+ Str+4}
 47392 | Elf:3    | Identified the +7 chain mail "Xang" {Will+ Int+4}
 47393 | Elf:3    | Reached skill level 15 in Maces & Flails
 47403 | Elf:3    | Received a gift from Okawaru
 47476 | Elf:3    | Reached skill level 21 in Shields
 47845 | Elf:3    | Noticed an Ice Fiend
 47875 | Elf:3    | Identified the +0 pair of gloves "Vogenas" {Int+4 Dex+4}
                  | (Okawaru gifted it to you on level 3 of the Elven Halls)
 47875 | Elf:3    | Received a gift from Okawaru
 48252 | Elf:3    | Found the +0 mask of the Dragon {Will+ Slay+3 SInv}
 48292 | Elf:3    | Identified the +9 hunting sling "Coqioco" {vorpal, rF++}
 48296 | Elf:3    | Got the Collected Works on Scorching Poisoning
 48297 | Elf:3    | Identified the +8 fustibalus "Woatac" {flame, rC+ rN+}
 48474 | Elf:3    | Noticed a deep elf blademaster
 48488 | Elf:3    | Killed a deep elf blademaster
 48757 | Elf:3    | Killed finalsalamander's ghost
 49486 | Elf:2    | Noticed a deep elf blademaster
 49511 | Elf:2    | Killed a deep elf blademaster
 50209 | Elf:2    | Identified the +3 lajatang of Impermanence {speed, Fragile
                  | Int+5} (Okawaru gifted it to you on level 2 of the Elven
                  | Halls)
 50209 | Elf:2    | Received a gift from Okawaru
 51298 | Spider:2 | Reached XP level 20. HP: 159/168 MP: 3/27
 51443 | Spider:2 | Received a gift from Okawaru
 51539 | Spider:2 | Noticed Arachne
 51552 | Spider:2 | Killed Arachne
 52362 | Spider:3 | Received a gift from Okawaru
 52851 | Spider:3 | Reached skill level 22 in Shields
 53413 | Spider:4 | Entered Level 4 of the Spider Nest
 53442 | Spider:4 | Identified the +1 robe of the Arcane {Str+3} (Okawaru
                  | gifted it to you on level 4 of the Spider Nest)
 53442 | Spider:4 | Received a gift from Okawaru
 54257 | Spider:4 | Identified the +3 crystal plate armour "Vynuanig" {rN+
                  | Will+ Dex+3} (Okawaru gifted it to you on level 4 of the
                  | Spider Nest)
 54257 | Spider:4 | Received a gift from Okawaru
 55212 | Spider:4 | Reached XP level 21. HP: 176/176 MP: 0/28
 55232 | Spider:4 | Reached skill level 10 in Throwing
 55272 | Spider:4 | Got a gossamer rune of Zot
 55547 | Shoals:1 | Entered Level 1 of the Shoals
 55547 | Shoals:1 | Noticed Louise
 55547 | Shoals:1 | Found a runed translucent door.
 55567 | Shoals:1 | Killed Louise
 55596 | Shoals:1 | Noticed Hygavy's ghost (adept TrMo)
 56813 | Shoals:1 | Killed Hygavy's ghost
 56940 | Shoals:2 | Received a gift from Okawaru
 57582 | Shoals:2 | Reached skill level 23 in Shields
 58094 | Shoals:3 | Found a frozen archway.
 58114 | IceCv    | Entered an ice cave
 58316 | IceCv    | Received a gift from Okawaru
 58392 | IceCv    | Identified the +2 pair of boots of Bad Feelings {Regen+}
 58422 | IceCv    | Found an ancient bone altar of Kikubaaqudgha.
 58433 | IceCv    | Received a gift from Okawaru
 58686 | IceCv    | Identified the ring of False Hope {*Corrode rElec rN+
                  | Dex+5}
 59353 | Shoals:3 | Reached XP level 22. HP: 185/185 MP: 29/29
 59401 | Shoals:4 | Entered Level 4 of the Shoals
 59433 | Shoals:4 | Identified the +2 flail of the Past {vorpal, Int+2}
                  | (Okawaru gifted it to you on level 4 of the Shoals)
 59433 | Shoals:4 | Received a gift from Okawaru
 60036 | Shoals:4 | Identified the +2 morningstar of the Freezing Blowfly
                  | {flame, Str+2} (Okawaru gifted it to you on level 4 of the
                  | Shoals)
 60036 | Shoals:4 | Received a gift from Okawaru
 60050 | Shoals:4 | Got a barnacled rune of Zot
 60744 | Slime:1  | Entered Level 1 of the Pits of Slime
 60939 | Slime:2  | Received a gift from Okawaru
 60940 | Slime:2  | Reached skill level 24 in Shields
 61009 | Slime:5  | Entered Level 5 of the Pits of Slime
 61196 | Slime:5  | Received a gift from Okawaru
 61280 | Slime:5  | Found the +13 scythe of Curses {drain, Drain}
 61284 | Slime:5  | Noticed the Royal Jelly
 61289 | Slime:5  | Received a gift from Okawaru
 61307 | Slime:5  | Killed the Royal Jelly
 61307 | Slime:5  | Received a gift from Okawaru
 61338 | Slime:5  | Received a gift from Okawaru
 61402 | Slime:5  | Gained mutation: You are dopey. (Int -2) [a shining eye]
 61621 | Slime:5  | Got a slimy rune of Zot
 61640 | Slime:5  | Got the Catalogue of Confrontation
 61729 | Slime:5  | Got the Catalogue of Bewitching Attacks
 61730 | Slime:5  | Identified the +2 halberd of Annoyance {freeze, Contam
                  | *Rage rF+++ rCorr}
 61790 | Slime:5  | Received a gift from Okawaru
 61819 | Slime:5  | Gained mutation: You are very dopey. (Int -4) [a shining
                  | eye]
 61840 | Slime:5  | Reached XP level 23. HP: 194/194 MP: 30/30
 62332 | Depths:1 | Entered Level 1 of the Depths
 62811 | Depths:1 | Found a one-way gateway to a ziggurat.
 62823 | Depths:1 | Received a gift from Okawaru
 62984 | Depths:1 | Found Big Baal Hell's Store.
 62992 | Depths:1 | Found a gateway to Hell.
 63127 | Depths:1 | Reached skill level 15 in Armour
 63276 | Depths:1 | Found a bloodstained altar of Trog.
 63660 | Depths:2 | Found a one-way gate leading to the halls of Pandemonium.
 63731 | Depths:2 | Received a gift from Okawaru
 63988 | Depths:2 | Received a gift from Okawaru
 64013 | Depths:2 | Reached skill level 25 in Shields
 64252 | Depths:2 | Received a gift from Okawaru
 64317 | Depths:2 | Noticed a juggernaut
 64330 | Depths:2 | Killed a juggernaut
 64350 | Depths:2 | Reached XP level 24. HP: 194/200 MP: 30/30
 64986 | Depths:2 | Found a corrupted altar of Lugonu.
 64987 | Depths:2 | Found a one-way gate to the infinite horrors of the Abyss.
 65206 | Depths:3 | Received a gift from Okawaru
 65592 | Depths:3 | Received a gift from Okawaru
 65602 | Depths:3 | Noticed a juggernaut
 66192 | Depths:3 | Reached skill level 26 in Shields
 66234 | Depths:3 | Identified the +1 robe "Pangyt" {Fly rPois rC+ Str+3}
 66267 | Depths:3 | Identified the +2 pair of boots of Onejutz {Fly Will+ rCorr
                  | Str+2 Stlth-} (Okawaru gifted it to you on level 3 of the
                  | Depths)
 66267 | Depths:3 | Received a gift from Okawaru
 66303 | Depths:3 | Killed a juggernaut
 66592 | Depths:3 | Reached XP level 25. HP: 208/208 MP: 30/30
 66631 | Depths:3 | Noticed a caustic shrike
 66637 | Depths:3 | Killed a caustic shrike
 66674 | Depths:3 | Received a gift from Okawaru
 66695 | Depths:3 | Noticed an ancient lich
 66703 | Depths:3 | Killed an ancient lich
 66704 | Depths:3 | Reached skill level 15 in Throwing
 67300 | Depths:4 | Entered Level 4 of the Depths
 67550 | Depths:4 | Received a gift from Okawaru
 67656 | Depths:4 | Reached skill level 27 in Shields
 67663 | Depths:4 | Received a gift from Okawaru
 67773 | Depths:4 | Found a gate to the Realm of Zot.
 67938 | Depths:4 | Received a gift from Okawaru
 68784 | Depths:4 | Noticed Frederick
 68793 | Depths:4 | Killed Frederick
 68888 | Zot:1    | Entered Level 1 of the Realm of Zot
 69216 | Zot:1    | Identified the +4 fustibalus of Qiehu {flame, Drain Will+
                  | Dex+2} (Okawaru gifted it to you on level 1 of the Realm of
                  | Zot)
 69216 | Zot:1    | Received a gift from Okawaru
 69272 | Zot:1    | Reached XP level 26. HP: 213/218 MP: 30/30
 69489 | Zot:1    | Identified the +5 hand crossbow of Red Wine {freeze, Str-3
                  | Dex+7 Stlth+} (Okawaru gifted it to you on level 1 of the
                  | Realm of Zot)
 69489 | Zot:1    | Received a gift from Okawaru
 69663 | Zot:1    | HP: 11/220 [poison (poison gas)]
 69668 | Zot:1    | HP: 6/220 [poison (poison gas)]
 70012 | Zot:1    | Identified the +8 hand axe of Evisceration {holy, rN+ Int+3
                  | SInv}
 70129 | Zot:1    | Identified the ring of Baok {rF+ rC+}
 70662 | Zot:1    | Received a gift from Okawaru
 70844 | Zot:2    | Received a gift from Okawaru
 70924 | Zot:2    | Noticed a curse toe
 70932 | Zot:2    | Killed a curse toe
 71253 | Zot:2    | Received a gift from Okawaru
 71707 | Zot:2    | Received a gift from Okawaru
 71740 | Zot:2    | Identified the +8 rapier of Fafaf {holy, rPois Dex+3}
 71865 | Zot:2    | Received a gift from Okawaru
 72081 | Zot:2    | Identified the ring of the Firefly {rPois rF+ Int+2 Dex+3}
 72332 | Zot:3    | Received a gift from Okawaru
 72649 | Zot:3    | Received a gift from Okawaru
 72805 | Zot:3    | Noticed a curse toe
 72811 | Zot:3    | Killed a curse toe
 72969 | Zot:3    | You fall into a shaft and drop 1 floor!
 72987 | Zot:4    | Reached XP level 27. HP: 179/224 MP: 30/30
 72998 | Zot:4    | Reached skill level 5 in Stealth
 73379 | Zot:4    | Noticed a Killer Klown
 73388 | Zot:4    | Killed a Killer Klown
 74031 | Zot:5    | Entered Level 5 of the Realm of Zot
 74164 | Zot:5    | Received a gift from Okawaru
 75206 | Zot:5    | Noticed a dread lich
 75222 | Zot:5    | Killed a dread lich
 75224 | Zot:5    | Noticed an orb of fire
 75236 | Zot:5    | Killed an orb of fire
 75370 | Pan      | Entered Pandemonium
 75438 | Pan      | Reached skill level 10 in Stealth
 75633 | Arena    | Entered the Arena
 75681 | Pan      | Entered the realm of Mnoleg.
 75700 | Pan      | Learned a level 1 spell: Apportation
 75835 | Pan      | Noticed Mnoleg
 75854 | Pan      | Killed Mnoleg
 75890 | Pan      | Gained mutation: You tend to lose your temper in combat. [a
                  | neqoxec]
 75920 | Pan      | Got a glowing rune of Zot
 75943 | Pan      | Gained mutation: You are clumsy. (Dex -2) [a neqoxec]
 75979 | Pan      | Received a gift from Okawaru
 76161 | Pan      | Received a gift from Okawaru
 76169 | Pan      | Noticed Datrak the pandemonium lord
 76554 | Pan      | Found an exit through the horrors of the Abyss.
 76898 | Pan      | Killed Datrak the pandemonium lord
 76977 | Pan      | Got a demonic rune of Zot
 77312 | Pan      | Found an exit through the horrors of the Abyss.
 77565 | Pan      | Noticed Voeduwer the pandemonium lord
 77586 | Pan      | Killed Voeduwer the pandemonium lord
 77751 | Pan      | Entered the realm of Lom Lobon.
 77753 | Pan      | Received a gift from Okawaru
 77904 | Pan      | Noticed Lom Lobon
 78186 | Pan      | Received a gift from Okawaru
 78502 | Arena    | Entered the Arena
 78521 | Arena    | Killed Lom Lobon
 78674 | Pan      | Got a magical rune of Zot
 78787 | Pan      | Received a gift from Okawaru
 78788 | Pan      | Reached skill level 15 in Invocations
 78969 | Pan      | Found an exit through the horrors of the Abyss.
 79108 | Pan      | Entered the realm of Cerebov.
 79285 | Pan      | Received a gift from Okawaru
 79293 | Pan      | Identified the +7 falchion "Owonoc" {flame, Str+2 Int+5}
 79522 | Pan      | Found the +6 sword of Cerebov {flame}
 79522 | Pan      | Noticed Cerebov
 79555 | Pan      | Killed from afar by Cerebov

Illustrated notes

Levels and vault maps discovered:
D:1:      saegor_arrival_fortress, layout_loops_ring
D:2:      layout_loops_cross, shapermc_ecumenical_altar_starsandcircs,
          serial_glass, glass_columns_b, glass_columns_b, basic_altar,
          minmay_nonomino_d4, uniq_natasha
D:3:      layout_rooms, serial_forest, infiniplex_forest_clump_medium,
          infiniplex_forest_pool, infiniplex_forest_clump_tiny,
          infiniplex_forest_end_3, infiniplex_forest_clump_curved,
          infiniplex_forest_3_way, infiniplex_forest_corner_1,
          infiniplex_forest_straight_4, st_stairs_8, uniq_grinder
D:4:      layout_loops_ring, chequers_temple_overflow_minitemple,
          minmay_temple_entry_drinking_statues
D:5:      layout_rooms, uniq_crazy_yiuf_cottage
D:6:      layout_cave_pools, uniq_blork_the_orc
D:7:      layout_loops_ring, mainiacjoe_overflow_small_starburst,
          marbit_many_paths, feat_on_display, uniq_maggie
D:8:      layout_gridville, kiku_gazebo_pond_becter, minmay_lair_entry_grove,
          blue_anna_alchemist
D:9:      layout_stronghold, mainiacjoe_overflow_alcove_2
D:10:     layout_irregular_city
D:11:     layout_irregular_city, minmay_orc_entry_temple_small,
          onia_ninara_dug_in_and_dangerous
D:12:     wad_crossroads, layout_cave_pools, nicolae_trove_entry_columns,
          minivault_25_ag, minmay_misc_feat_hallway
D:13:     layout_irregular_city
D:14:     layout_loops_corners, david_vaults_4, grunt_dithmenos_shadows
D:15:     hangedman_spin_cycle
Temple:   nicolae_temple_figure_eight
Lair:1:   layout_regular_city, grunt_megastairs_4
Lair:2:   layout_regular_city, minmay_shoals_entry_hut, uniq_urug
Lair:3:   layout_chaotic_city, spider_nest_entry_web_field,
          amcnicky_mini_pool_medium
Lair:4:   layout_small_grid, kilobyte_rumbling_trees
Lair:5:   dragon1_lemuel, layout_gridlike, slime_altar_1, serial_bayou_shore_b,
          grunt_megastairs_1, uniq_nessos
Lair:6:   due_jungle_book, layout_loops_ring, uniq_snorg
Shoals:1: layout_shoals, ebering_ghost_inner_flame,
          nicolae_shoals_goliath_grotto, uniq_louise
Shoals:2: cheibrodos_shoals_baths, layout_shoals
Shoals:3: layout_shoals, portal_ice_cave_entry_frozen_things
Shoals:4: shoals_end_grunt_ice, layout_shoals, nicolae_shoals_circle_sea_wall
Spider:1: layout_chambers, hangedman_spider_tarantella_strand, uniq_frances
Spider:2: layout_spider_delve, nicolae_spider_nooks_and_crannies, uniq_arachne
Spider:3: nicolae_spider_hall_of_the_moth_king
Spider:4: spider_rune_water, drop_trap
Slime:1:  layout_caves
Slime:2:  layout_caves
Slime:3:  layout_caves
Slime:4:  layout_caves, nicolae_slime_barrier
Slime:5
Orc:1:    layout_diamond_mine, mines2_lemuel
Orc:2:    kennysheep_orc_mage_school, layout_caves, uniq_donald, uniq_rupert,
          uniq_sonja
Elf:1:    minmay_elf_arrival_plus, layout_geoelf_diagonals, minmay_elf_sorcery,
          minmay_shop_grove, uniq_jorgrun
Elf:2:    nicolae_elf_blades_splatter_lattice [nicolae_blade_little_rooms],
          layout_gridlike, lemuel_elevator
Elf:3:    grunt_elf_hall_diamonds, layout_geoelf_grid, gammafunk_ghost_grave,
          grunt_ministairs_1, minmay_shop_grid_forest
Depths:1: layout_small_grid, enter_ziggurat_b, grunt_decor_cap,
          nicolae_hell_entry_big_baal_hell, evilmike_spriggan_trog_shrine,
          grunt_megastairs_5
Depths:2: nzn_winding_woodlands_huge [nzn_winding_woodlands_5x15_eye,
          nzn_winding_woodlands_5x15_lazy_stream,
          nzn_winding_woodlands_5x15_default, nzn_winding_woodlands_5x15_cabin,
          nzn_winding_woodlands_5x15_pool, nzn_winding_woodlands_5x15_zeroes,
          nzn_winding_woodlands_5x15_crooked, nzn_winding_woodlands_5x15_twine,
          nzn_winding_woodlands_5x15_pathside_ponds,
          nzn_winding_woodlands_5x15_longhouse,
          nzn_winding_woodlands_center_garden,
          nzn_winding_woodlands_center_triple_pond,
          nzn_winding_woodlands_15x15_five_gardens], layout_gridlike,
          grunt_pan_entry_sceptre, abyss_entry_flame_altar, hell_entry,
          minmay_staircase_windowed_small
Depths:3: minmay_octagon_city, layout_honeycomb, hangedman_coc_ice_floe,
          abyss_entry
Depths:4: grunt_zot_entry_bicorn, layout_gridville, minmay_misc_feat_diagonals,
          rand_demon_pan_entry_7, hangedman_geh_valley, uniq_frederick
Zot:1:    layout_onion_interference, st_single_dragon_hoard_4,
          st_large_dragon_hoard_3
Zot:2:    layout_onion_interference, st_large_dragon_hoard_4
Zot:3:    layout_misc_corridors, st_single_dragon_hoard_2,
          hangedman_zot_decor_checkerboard
Zot:4:    layout_basic
Zot:5:    layout_gridlike, st_stairs_13
Pan:      rand_demon_1, layout_pan_divisions_a [pan_division_quadrant_a4,
          pan_division_quadrant_a2, pan_division_quadrant_a5,
          pan_division_quadrant_a4, pan_division_octagon_halves], rand_demon_7,
          layout_small_grid, pan_blood_fountain_small, mnoleg_grunt,
          layout_pan_divisions_a [pan_division_quadrant_a3,
          pan_division_quadrant_a3, pan_division_quadrant_a2,
          pan_division_quadrant_a4, pan_division_octagon_box],
          pan_blood_fountain_small, rand_demon_2, layout_gridville,
          pan_blood_fountain_2, evilmike_mini_pan_V, layout_small_grid,
          rand_demon_6, layout_basic, evilmike_mini_pan_doors_b,
          layout_small_grid, pan_blood_fountain_small, lom_lobon_st,
          layout_long_grid, cerebov_st, layout_gridville

Skill      XL: |  1  2  3  4  5  6  7  8  9 10 11 12 13 14 15 16 17 18 19 20 21 22 23 24 25 26 27 |
---------------+----------------------------------------------------------------------------------+-----
Stealth        | 1 2 4 10 | 10.0
Shields        | 4 5 6 8 11 12 15 17 20 21 22 23 24 25 26 27 | 27.0
Long Blades    | 3 4 |  4.5
Evocations     | 4 6 |  6.0
Invocations    | 2 4 7 8 9 10 15 | 15.0
Throwing       | 1 4 5 7 8 9 11 12 13 14 16 | 16.0
Maces & Flails | 6 7 9 11 12 14 15 16 | 16.0
Fighting       | 9 10 12 14 15 16 17 18 19 20 21 23 | 23.4
Dodging        | 2 5 6 |  6.0
Armour         | 4 6 9 10 11 12 13 14 15 16 17 19 21 | 21.6

Action                   |  1- 3 |  4- 6 |  7- 9 | 10-12 | 13-15 | 16-18 | 19-21 | 22-24 | 25-27 || total
-------------------------+-------+-------+-------+-------+-------+-------+-------+-------+-------++-------
Melee: Long sword        |    90 |    92 |   267 |       |       |       |       |       |       ||   449
       Mace              |       |       |   114 |   574 |  1050 |       |       |       |       ||  1738
       Morningstar       |       |       |       |       |   301 |  1487 |   296 |       |       ||  2084
       Eveningstar       |       |       |       |       |       |       |  1196 |  1488 |  1905 ||  4589
Throw: Dart              |       |       |    47 |    23 |    11 |       |     8 |       |     1 ||    90
       Boomerang         |       |       |       |    85 |    60 |    92 |       |       |     1 ||   238
       Javelin           |       |       |       |    11 |   117 |    90 |   115 |    86 |   268 ||   687
Invok: Heroism           |       |       |     7 |    24 |    50 |    50 |    28 |    19 |    33 ||   211
       Finesse           |       |       |       |     2 |     3 |     4 |     2 |     1 |     8 ||    20
       Duel              |       |       |       |       |       |       |       |       |     2 ||     2
Evoke: Wand              |       |     7 |    18 |    12 |    36 |    10 |    19 |     2 |       ||   104
       Condenser vane    |       |       |       |       |       |     1 |     1 |       |       ||     2
  Use: Scroll            |     1 |       |     3 |     9 |    14 |     8 |     6 |     3 |    12 ||    56
       Potion            |       |       |     3 |     2 |     1 |     1 |     1 |     8 |    13 ||    29
 Stab: Paralysed         |       |       |       |       |       |     4 |       |       |       ||     4
       Petrified         |       |       |       |       |       |     3 |       |       |       ||     3
       Distracted        |       |       |       |       |       |       |       |       |     4 ||     4
Armor: Scale mail        |    22 |       |       |       |       |       |       |       |       ||    22
       Chain mail        |    46 |    51 |   219 |   242 |     4 |       |       |       |       ||   562
       Plate armour      |       |       |       |       |   597 |   503 |   229 |       |       ||  1329
       Crystal plate arm |       |       |       |       |       |       |   232 |   468 |   480 ||  1180
Dodge: Dodged            |    33 |    31 |   129 |   143 |   607 |   437 |   377 |   356 |   367 ||  2480
Block: Buckler           |    11 |    12 |   115 |   204 |   711 |   518 |       |       |       ||  1571
       Tower shield      |       |       |       |       |       |   439 |  2252 |  2092 |  2334 ||  7117
       Reflection        |       |       |       |       |       |       |       |       |    39 ||    39

Table legend: (Time is in decaauts)
 A = Elapsed time spent in this place.
 B = Non-inter-level travel time spent in this place.
 C = Inter-level travel time spent in this place.
 D = Time resting spent in this place.
 E = Time spent auto-exploring this place.
 F = Levels seen in this place.
 G = Mean time per level.
                   A        B        C        D        E       F      G
               +--------+--------+--------+--------+--------+-----+--------+
         Total |  77969 |  73650 |   4319 |  11737 |  45722 |  61 | 1278.2 |
       Dungeon |  24431 |  22445 |   1986 |   3111 |  15177 |  15 | 1628.7 |
        Temple |    235 |    201 |     34 |      0 |    199 |   1 |  235.0 |
          Lair |  11499 |  10834 |    665 |   2495 |   6524 |   6 | 1916.5 |
        Shoals |   4577 |   4441 |    136 |    602 |   2643 |   4 | 1144.2 |
   Spider Nest |   7379 |   7136 |    243 |   1173 |   4570 |   4 | 1844.8 |
    Slime Pits |   1263 |   1178 |     85 |    194 |    396 |   5 |  252.6 |
  Orcish Mines |   2543 |   2366 |    177 |    555 |   1288 |   2 | 1271.5 |
   Elven Halls |   9063 |   8529 |    534 |   1568 |   5154 |   3 | 3021.0 |
        Depths |   6442 |   6244 |    198 |    452 |   4164 |   4 | 1610.5 |
           Zot |   5994 |   5736 |    258 |    835 |   3579 |   5 | 1198.8 |
   Pandemonium |   3868 |   3868 |      0 |    740 |   1571 |   9 |  429.8 |
      Ice Cave |    638 |    638 |      0 |      0 |    454 |   1 |  638.0 |
         Arena |     32 |     32 |      0 |     10 |      0 |   2 |   16.0 |
               +--------+--------+--------+--------+--------+-----+--------+

Top non-repeatable levels by time:
    D:15: 3461 daAuts
   Elf:2: 3454 daAuts
   Elf:3: 3370 daAuts
  Lair:6: 3341 daAuts
     D:8: 2927 daAuts
Spider:1: 2923 daAuts
  Lair:2: 2572 daAuts
   Elf:1: 2239 daAuts
Depths:3: 2077 daAuts
Spider:4: 1991 daAuts
    D:10: 1901 daAuts
    D:11: 1792 daAuts
     D:6: 1788 daAuts
Shoals:1: 1785 daAuts
  Lair:3: 1778 daAuts
